 Dungeon Crawl Stone Soup version 0.21.0-30-g47ce8e4 (webtiles) character file.

147 myopia the Cudgeler (level 5, -2/32 HPs)
             Began as a Gargoyle Fighter on Jan 28, 2018.
             Was an Initiate of the Shining One.
             Killed by nerve-wracking pain
             ... invoked by Grinder
              (7 damage)
             ... on level 3 of the Dungeon.
             The game lasted 00:04:28 (1755 turns).

myopia the Cudgeler (Gargoyle Fighter)              Turns: 1755, Time: 00:04:28

Health: -2/32      AC: 15    Str: 25    XL:     5   Next: 29%
Magic:  5/5        EV:  4    Int:  8    God:    the Shining One [......]
Gold:   145        SH:  9    Dex: 10    Spells: 4/4 levels left

rFire    . . .     SeeInvis .   a - +0 flail
rCold    . . .     Gourm    .   c - +0 shield
rNeg     + . .     Faith    .   u - +0 plate armour
rPois    ∞         Spirit   .   (no helmet)
rElec    +         Reflect  .   (no cloak)
rCorr    .         Harm     .   (no gloves)
MR       .....                  (no boots)
Stlth    ..........             (no amulet)
HPRegen  0.10/turn              l - ring of stealth
MPRegen  0.09/turn              (no ring)

@: mighty, glowing
A: negative energy resistance 1, electricity resistance, unbreathing,
petrification resistance, rot immunity, AC +4
a: Renounce Religion


You were on level 3 of the Dungeon.
You worshipped the Shining One.
The Shining One was noncommittal.
You were not hungry.

You visited 1 branch of the dungeon, and saw 3 of its levels.

You collected 145 gold pieces.

Inventory:

Hand Weapons
 a - a +0 flail (weapon)
 m - a +1 hand axe of venom
Armour
 b - a +0 scale mail
 c - a +0 shield (worn)
 u - a +0 plate armour (worn)
Jewellery
 l - a ring of stealth (left hand)
Wands
 v - a wand of paralysis (10)
Scrolls
 e - 8 scrolls of identify {unknown}
 g - a scroll of teleportation {unknown}
 j - a scroll of remove curse {unknown}
 k - a scroll of random uselessness {unknown}
 q - a scroll of enchant armour {unknown}
 r - a scroll of enchant weapon {unknown}
 s - a scroll of blinking {unknown}
Potions
 d - 2 potions of might
 h - a potion of agility {unknown}
 i - a potion of mutation {unknown}
 n - 2 potions of curing {unknown}
 o - 3 potions of lignification {unknown}
 p - 2 potions of magic {unknown}
Comestibles
 f - 5 rations
 t - 8 chunks of flesh


   Skills:
 - Level 3.2 Fighting
 + Level 5.3 Maces & Flails
 - Level 3.2 Armour
 - Level 3.2 Shields


You had 4 spell levels left.
You didn't know any spells.

Dungeon Overview and Level Annotations

Branches:
Dungeon (3/15)

Altars:
The Shining One

Annotations:
D:3 Grinder


Innate Abilities, Weirdness & Mutations

You are resistant to torment.
Your stone body is resilient. (AC +4)
You are immune to poison.
You resist negative energy. (rN+)
You are resistant to electric shocks. (rElec)
You can survive without breathing.
You are immune to petrification.
You are immune to rotting.


Message History

* * * LOW HITPOINT WARNING * * *
The bat hits you but does no damage.
You feel very mighty all of a sudden. The bat barely misses you.
Grinder gestures at you. Pain shoots through your body!
The Shining One protects you from harm!
You sock Grinder!
Grinder is moderately wounded.
The bat barely misses you. The bat hits you but does no damage.
Grinder barely misses you.
You sock Grinder!
Grinder is severely wounded.
You block the bat's attack. Grinder hits you but does no damage.
You thump Grinder!
Grinder is severely wounded.
The bat completely misses you. Grinder hits you but does no damage.
Grinder gestures at you. Pain shoots through your body!
You die...

##........# #..###..
#.........####..>.<#.
#...#...##...###...
#.....#....#.####.#
##.#...##).#...##.#
#?##.......##..#..
#.##.###.#......#.
#5##.# #...####...
#@#..# #.#.# #....
#(..## #.#.# #....
#..#..............
b... ...###......#
....##### ....#..
.....# ..##### ...?..
.....###


You could see Grinder and a bat.

Vanquished Creatures
  A bullfrog (D:2)
  2 adders (D:2)
  A worm (D:2)
  A dart slug (D:1)
  2 leopard geckos (D:1)
  A ball python (D:2)
  9 bats
  4 giant cockroaches (D:1)
  5 goblins
  4 hobgoblins
  2 jackals (D:2)
  3 quokkas
  2 frilled lizards
  5 kobolds
  11 rats
53 creatures vanquished.

Vanquished Creatures (others)
  Sigmund (D:3)
1 creature vanquished.

Grand Total: 54 creatures vanquished

Notes
Turn   | Place    | Note
-------+----------+-------------------------------------------
     0 | D:1      | myopia the Gargoyle Fighter began the quest for the Orb.
     0 | D:1      | Reached XP level 1. HP: 14/14 MP: 1/1
    57 | D:1      | Reached XP level 2. HP: 15/19 MP: 2/2
   157 | D:1      | Reached skill level 3 in Maces & Flails
   346 | D:1      | Reached XP level 3. HP: 22/23 MP: 3/3
   803 | D:2      | Reached skill level 4 in Maces & Flails
   861 | D:2      | Noticed a bullfrog
   874 | D:2      | Killed a bullfrog
   874 | D:2      | Reached skill level 5 in Maces & Flails
   874 | D:2      | Reached XP level 4. HP: 24/28 MP: 4/4
   874 | D:2      | Reached XP level 5. HP: 28/32 MP: 5/5
  1044 | D:2      | Found a glowing golden altar of the Shining One.
  1051 | D:2      | Became a worshipper of the Shining One
  1721 | D:3      | Noticed Sigmund
  1721 | D:3      | Noticed Grinder
  1741 | D:3      | Killed Sigmund
  1752 | D:3      | The Shining One protects you from harm!
  1755 | D:3      | Killed from afar by Grinder

Skill      XL: |  1  2  3 |
---------------+----------+-----
Maces & Flails | 3 5 |  5.3
Fighting       | |  3.2
Armour         | |  3.2
Shields        | |  3.2

Action                   |  1- 3 |  4- 6 || total
-------------------------+-------+-------++-------
Melee: Flail             |   119 |   106 ||   225
  Use: Potion            |       |     1 ||     1
  Eat: Chunk             |       |     3 ||     3
Armor: Scale mail        |    72 |    11 ||    83
       Plate armour      |       |    56 ||    56
Dodge: Dodged            |    41 |    30 ||    71
Block: Shield            |    69 |    58 ||   127
